Cogmind - Beta 14 @@@ ROGUE MODE // 2024.10.23 @ 00:13:44 Player: Redexial Result: Destroyed by G-34 Mercenary with Small Laser Performance ------------- Evolutions (1) 500 Regions Visited (2) 400 Robots Destroyed (62) 310 Value Destroyed (1564) 1564 Prototype IDs (4) 80 Alien Tech Used (0) 0 Bonus (35) 35 TOTAL SCORE: 2889 Bonus ------- High Alert Combat Kills 35 Cogmind --------- Core Integrity 0/400 Matter 300/300 Energy 85/100 System Corruption 8% Temperature Cool (6) Movement Hovering (206) Ox2 Location -9/Materials Parts ------- > --- POWER (1) -------- (None) > --- PROPULSION (2) --- Backup Propulsion I Improved Hover Unit > --- UTILITY (4) ------ Small Storage Unit Large Storage Unit Targeting Computer > --- WEAPON (2) ------- Hammer > --- INVENTORY (15) --- Flight Unit VTOL Module Small Storage Unit Large Storage Unit Medium Matter Pod (100) Medium Matter Pod (100) Weight Redist. System Power Shielding Light Armor Plating Small Laser Heavy Assault Rifle Improved Light Cannon Datajack Peak State ------------ > --- POWER ------------ Light Ion Engine > --- PROPULSION ------- Light Treads Light Treads > --- UTILITY ---------- Large Storage Unit Large Storage Unit Weight Redist. System Targeting Computer > --- WEAPON ----------- Particle Cannon Light Assault Rifle > --- INVENTORY -------- Improved Hover Unit VTOL Module Small Storage Unit Small Storage Unit Weight Redist. System Power Shielding Light Armor Plating Small Laser Datajack [Rating: 12] Favorites ----------- Power Improved Ion Engine Engine Improved Ion Engine Propulsion Aluminum Leg Treads Light Treads Leg Aluminum Leg Wheel Wheel Hover Unit Backup Propulsion I Flight Unit VTOL Module Utility Targeting Computer Device Sensor Array Storage Small Storage Unit Processor Targeting Computer Protection Power Shielding Weapon Light Assault Rifle Energy Gun Medium Laser Energy Cannon Particle Cannon Ballistic Gun Light Assault Rifle Launcher Grenade Launcher Impact Weapon Hammer Special Melee Weapon Datajack Build | -11 -10 -9 ------- Run | Yrd Mat Mat Slots Evolved 2 | . . 2 Power . | . . . Propulsion . | . . . Utility 2 | . . 2 Weapon . | . . . Parts Attached 75 | 23 24 28 Power 18 | 13 3 2 Engine 18 | 13 3 2 Core . | . . . Reactor . | . . . Propulsion 21 | 5 7 9 Treads 10 | 2 2 6 Leg 5 | . 5 . Wheel 3 | 3 . . Hover 2 | . . 2 Flight 1 | . . 1 Utility 11 | 1 2 8 Device 2 | . . 2 Storage 5 | 1 1 3 Processor 3 | . 1 2 Hackware . | . . . Protection 1 | . . 1 Artifact . | . . . Weapon 25 | 4 12 9 Energy Gun 8 | 2 6 . Energy Cannon 2 | . . 2 Ballistic Gun 6 | 2 1 3 Ballistic Cannon . | . . . Launcher 4 | . 4 . Special Weapon . | . . . Impact Weapon 1 | . . 1 Slashing Weapon . | . . . Piercing Weapon . | . . . Special Melee Weapon 4 | . 1 3 Unidentified Prototypes . | . . . Parts Lost 13 | . 3 10 Power 3 | . 1 2 Propulsion 3 | . 1 2 Utility 3 | . . 3 Weapon 4 | . 1 3 Highest Loss Streak 3 | . 2 3 To Critical Strikes 1 | . . 1 Average Slot Usage (%) 93 | . 95 91 Engine 10 | . 12 7 Treads 10 | . 2 15 Leg 12 | . 24 3 Device 2 | . . 4 Storage 16 | . 14 19 Processor 15 | . 11 18 Energy Gun 7 | . 17 . Ballistic Gun 9 | . 3 14 Launcher 1 | . 3 . Special Melee Weapon 3 | . 3 3 Peak Build Rating 12 | 6 10 12 Average Rating 8 | 5 7 10 On Entrance 4 | . 6 6 Naked Turns . | . . . Heaviest Build 51 | 12 18 51 Greatest Support 46 | 20 40 46 Greatest Overweight (x) 8 | 3 1 8 Average Overweight (x) . | . . . Largest Inventory Capacity 15 | 8 8 15 Average Capacity 10 | 7 8 13 Most Carried 15 | 7 8 15 Average Carried 8 | 4 6 10 Final Capacity 15 | 8 8 15 Final Carried 13 | 6 6 13 Class Distribution -------------------- 61% | Mutant 38% | Scavenger-Mutant Dominant Class ---------------- Mutant | -10/Materials Scavenger-Mutant | -9/Materials Resources | -11 -10 -9 ----------- Run | Yrd Mat Mat Matter Collected 1510 | 420 445 645 Remotely . | . . . Salvage Created 1933 | 170 618 1145 Parts 126 | 16 41 69 Haulers Intercepted 1 | . 1 . Recyclers Shooed 1 | 1 . . Parts Field Recycled . | . . . Retrieved Matter . | . . . Parts Self-Destructed . | . . . Prevented . | . . . Kills | -11 -10 -9 ------- Run | Yrd Mat Mat Combat Hostiles Destroyed 44 | . 18 26 Melee 1 | . . 1 Guns 21 | . 7 14 Cannons 8 | . . 8 AOE 12 | . 11 1 Classes Destroyed 10 | 3 4 3 Worker 5 | 3 1 1 Builder 1 | . . 1 Tunneler 3 | 3 . . Hauler 1 | . 1 . Recycler 2 | 1 . 1 Watcher 6 | . 2 4 Swarmer 10 | . 3 7 Grunt 28 | . 15 13 Brawler 2 | . . 2 Sentry 4 | . . 4 Best Kill Streak 7 | 6 4 7 Combat Bots Only 5 | . 4 5 Max Kills in Single Turn 3 | 1 2 3 Gunslinging . | . . . Exploded 2 | . 2 1 Melee 1 | . . 1 Uniques/NPCs Destroyed . | . . . Combat | -11 -10 -9 -------- Run | Yrd Mat Mat Hostile Shots Fired 351 | . 136 215 Missed 98 | . 43 55 Damage Taken 2865 | . 1103 1762 Core 639 | . 236 403 Absorbed by Shields . | . . . Regen/Repaired (Parts) 100 | . . 100 Core Remaining (%) 52 | 100 5 . Volleys Fired 157 | 16 59 82 Largest 2 | 2 2 2 Hottest 112 | 100 112 88 Shots Fired 276 | 32 104 140 Gun 225 | 32 88 105 Cannon 35 | . . 35 Launcher 16 | . 16 . Special . | . . . Kinetic 126 | 1 20 105 Thermal 134 | 31 68 35 Explosive 16 | . 16 . Electromagnetic . | . . . Robot Hit Streak 14 | 6 14 6 Robot Miss Streak 5 | 3 5 3 Penetration Max . | . . . Secondary Targets . | . . . Shots Hit Robots 210 | 16 78 116 Core Hits 103 | 8 38 57 Critical Kills 1 | . . 1 Critical Parts Destroyed 7 | . 1 6 Critical Strikes 16 | . 8 8 Burn 7 | . 7 . Destroy 5 | . 1 4 Smash 4 | . . 4 Melee Attacks 49 | . 16 33 Impact 16 | . . 16 Slashing . | . . . Piercing . | . . . Sneak Attacks 29 | . 16 13 Combat Hostiles . | . . . Follow-up Attacks . | . . . Damage Inflicted 3424 | 217 1452 1755 Guns 1659 | 217 733 709 Cannons 495 | . . 495 Explosions 936 | . 719 217 Melee 333 | . . 333 Ramming 1 | . . 1 Kinetic 859 | . 150 709 Thermal 1295 | 217 583 495 Explosive 719 | . 719 . Electromagnetic 217 | . . 217 Impact 333 | . . 333 Slashing . | . . . Piercing . | . . . Highest Corruption 8 | . . 8 Average Corruption 7 | . . 7 Corruption Purged . | . . . Corruption Blocked . | . . . Effects 32 | . . 32 Message Errors 8 | . . 8 Matter Fused 3 | . . 3 Heat Flow Errors 4 | . . 4 Energy Discharges 6 | . . 6 Parts Rejected 1 | . . 1 Data Loss (minor) 8 | . . 8 Weapon Failures 2 | . . 2 Overload Shots . | . . . Overflow Damage 122 | . 3 119 Projectiles 2 | . . 2 Explosions 3 | . 3 . Melee 117 | . . 117 Knockbacks . | . . . Impact . | . . . Kinetic . | . . . Secondary . | . . . Self-Inflicted Damage 82 | . 82 . Shots 4 | . 4 . Rammed 1 | . . 1 Targets Rammed 1 | . . 1 Kicked . | . . . Crushed . | . . . Highest Temperature 312 | 312 225 282 Average Temperature 90 | 181 61 87 Received Heat Transfer 1140 | . 432 708 Effects 1 | 1 . . Energy Bleed 1 | 1 . . Siege Activations . | . . . Robots Corrupted 2 | . . 2 Combat Hostiles 2 | . . 2 Parts Fried 3 | . . 3 Impact Corruptions 4 | . . 4 Robots Melted . | . . . Combat Hostiles . | . . . Parts Melted 3 | . 2 1 Heat Transferred 3592 | 629 2075 888 Parts Sabotaged . | . . . Parts Stolen . | . . . Parts Stripped . | . . . Power Chain Reactions . | . . . Alert | -11 -10 -9 ------- Run | Yrd Mat Mat Peak Influence 508 | 35 388 508 Initial 116 | . 22 116 Average 161 | 7 94 248 Maximum Alert Level 2 | . 1 2 Low Security (%) 63 | 100 88 36 Level 1 30 | . 11 53 Level 2 5 | . . 10 Level 3 . | . . . Level 4 . | . . . Level 5 . | . . . High Security . | . . . Max Security . | . . . Squads Dispatched 10 | . 5 5 Investigation 6 | . 3 3 Extermination . | . . . Reinforcement 4 | . 2 2 Assault . | . . . Garrison . | . . . Intercept . | . . . Searches Triggered . | . . . Construction Impeded 1 | . . 1 Haulers Reinforced . | . . . Active Scanning Responses . | . . . Cargo Convoy Interrupts . | . . . Stealth | -11 -10 -9 --------- Run | Yrd Mat Mat Distress Signals 5 | . 1 4 Communications Jammed . | . . . Distress Signals . | . . . Times Spotted 70 | . 29 41 Peak Tracking Total 7 | . 7 6 Tactical Retreats 5 | . 1 4 Traps | -11 -10 -9 ------- Run | Yrd Mat Mat Traps Triggered 3 | . 1 2 Indirectly 2 | . . 2 Trap Hack Attempts 13 | . 13 . Triggered . | . . . Disarmed . | . . . Reprogrammed 6 | . . 6 Reused 1 | . . 1 Traps Extracted . | . . . Installed . | . . . Triggered 1 | . . 1 Machines | -11 -10 -9 ---------- Run | Yrd Mat Mat Machines Disabled 9 | . 3 6 Max in Single Turn 3 | . 2 3 Machines Repaired . | . . . Machines Dismantled . | . . . Machines Sabotaged . | . . . Overloaded Fab Kills . | . . . Hacking | -11 -10 -9 --------- Run | Yrd Mat Mat Machines Accessed 12 | . 6 6 Terminals 8 | . 5 3 Fabricators . | . . . Repair Stations 1 | . . 1 Recycling Units 2 | . 1 1 Scanalyzers 1 | . . 1 Garrison Access . | . . . Total Hacks 39 | . 19 20 Successful 30 | . 15 15 Failed 9 | . 4 5 Catastrophic 2 | . . 2 Database Lockouts . | . . . Manual . | . . . Terminals 20 | . 15 5 Fabricators . | . . . Repair Stations 6 | . . 6 Recycling Units 7 | . 4 3 Scanalyzers 6 | . . 6 Garrison Access . | . . . Terminal Hacks 13 | . 11 2 Record 4 | . 4 . Prototype ID Bank 2 | . 2 . Alert Level 1 | . 1 . Locate Traps 2 | . 1 1 Reprogram Traps 1 | . . 1 Dispatch Records 1 | . 1 . Transport Status 1 | . 1 . Zone Layout 1 | . 1 . Fabricator Hacks . | . . . Repair Station Hacks 5 | . . 5 Scan Component 2 | . . 2 Repair 2 | . . 2 Refit 1 | . . 1 Recycling Unit Hacks 6 | . 4 2 Recycle Component 4 | . 3 1 Process 1 | . . 1 Report Inventory 1 | . 1 . Scanalyzer 6 | . . 6 Insert Component 3 | . . 3 Analyze 3 | . . 3 Garrison Access Hacks . | . . . Unauthorized Hacks . | . . . Terminals . | . . . Fabricators . | . . . Repair Stations . | . . . Recycling Units . | . . . Scanalyzers . | . . . Garrison Access . | . . . Data Cores Recovered . | . . . Used . | . . . Hacking Detections 8 | . 4 4 Full Trace Events 5 | . 3 2 Feedback Events . | . . . Feedback Blocked . | . . . Robot Schematics Acquired . | . . . Robots Built . | . . . Authchips . | . . . Time . | . . . Total Robot Build Rating . | . . . Part Schematics Acquired 3 | . . 3 Parts Built . | . . . Authchips . | . . . Time . | . . . Total Part Build Rating . | . . . Parts Repaired 2 | . . 2 Time 52 | . . 52 Parts Recycled 4 | . 3 1 Recycled Matter . | . . . Retrieved Matter . | . . . Retrieved Components . | . . . Parts Scanalyzed 3 | . . 3 Part Schematics Acquired 3 | . . 3 Parts Damaged . | . . . Bothacking | -11 -10 -9 ------------ Run | Yrd Mat Mat Used RIF Installer . | . . . Robots Hacked 13 | . 7 6 Non-combat 12 | . 7 5 Combat 1 | . . 1 Robot Hacks Applied 18 | . 10 8 parse_system 6 | . 4 2 no_distress 10 | . 4 6 find_recycling 1 | . 1 . check_alert 1 | . 1 . Relay Couplers Released . | . . . Fabnet Peak Effective % . | . . . Robots Rewired . | . . . Allies Hacked . | . . . Hacks Repelled . | . . . Allies | -11 -10 -9 -------- Run | Yrd Mat Mat Total Allies . | . . . Largest Group . | . . . Highest-Rated Group . | . . . Highest-Rated Ally . | . . . Total Orders . | . . . Ally Attacks . | . . . Total Damage . | . . . Kills . | . . . Allies Corrupted . | . . . Allies Melted . | . . . Intel | -11 -10 -9 ------- Run | Yrd Mat Mat Robot Analysis Total . | . . . Derelict Logs Recovered . | . . . Drone Launches . | . . . Drone Recoveries . | . . . Exploration | -11 -10 -9 ------------- Run | Yrd Mat Mat Turns Passed 3264 | 380 1251 1633 Spaces Moved 1820 | 239 811 770 Core 101 | 89 . 12 Treads 603 | 10 43 550 Legs 922 | . 729 193 Wheels 179 | 140 39 . Hover 15 | . . 15 Flight . | . . . Fastest Speed 50 | 50 80 120 Average Speed 136 | 107 120 163 Slowest Speed 450 | 200 190 450 Overloaded Moves . | . . . Propulsion Burnouts . | . . . Robots Hopped . | . . . Cave-ins Triggered . | . . . Exploration Rate (%) 41 | 12 74 38 Regions Visited 2 Branch Regions . Pre-discovered Areas . | . . . Known Exits Taken . | . . . Unknown Exits Taken 2 | 1 1 . Scrap Searched . | . . . Spaces Dug . | . . . Terrain Destroyed 63 | . 63 . Melee . | . . . Projectile . | . . . AOE 63 | . 63 . Terrain Rammed . | . . . Walls Destroyed . | . . . Machines Disabled . | . . . Actions | -11 -10 -9 --------- Run | Yrd Mat Mat Total 2277 | 324 977 976 Wait 79 | 26 15 38 Move 1818 | 238 810 770 Hop . | . . . Pick Up 49 | 15 16 18 Fast Attach 10 | . 6 4 Attach 26 | 9 6 11 Detach 11 | 3 6 2 Swap 39 | 14 12 13 Drop 25 | 3 18 4 Fire 157 | 16 59 82 Melee 49 | . 16 33 Ram . | . . . Kick . | . . . Crush 1 | . . 1 Escape Stasis . | . . . Rewire . | . . . Trap 13 | . 13 . Miscellaneous . | . . . Route ------- -11/Scrapyard -10/Materials (discovered 3 exits: *Mat x2 / [*Min]) -9/Materials (discovered 1 exit: [*Min]) History --------- Turn | Location | Event 18 | -11/Scrapyard | Discovered new exit (range 15) 381 | -11/Scrapyard | Entered Materials 382 | -10/Materials | Build established: Mutant 811 | -10/Materials | Discovered new exit (range 8) 894 | -10/Materials | Core integrity fell below 50% 1251 | -10/Materials | Discovered new exit (range 16) 1492 | -10/Materials | Discovered new exit (range 12) 1501 | -10/Materials | Core integrity fell below 20% 1632 | -10/Materials | Entered another Materials area 1632 | -9/Materials | Evolved 2 slots: Utility x2 2232 | -9/Materials | Build established: Scavenger-Mutant 2319 | -9/Materials | Discovered new exit (range 15) 2423 | -9/Materials | Lost 3 parts (1p1u1w) 2620 | -9/Materials | Repaired Lgt. Treads 2646 | -9/Materials | Repaired Lgt. Treads? 3151 | -9/Materials | Core integrity fell below 50% 3185 | -9/Materials | Lost 3 parts (1p1n1w) 3214 | -9/Materials | Core integrity fell below 20% 3265 | -9/Materials | Destroyed by G-34 Mercenary with Small Laser Last Messages --------------- crushing effect. 03190_ G-34 Mercenary system terminally corrupted. 03190_ Aluminum Leg fried. 03190_ Ion Engine fried. 03190_ Aluminum Leg fried. 03190_ K-01 Serf collects debris. 03206_ CWM4YC VYWOTU,&%JJQ I:YMTC 03207_ K-01 Serf collects debris. 03226_ G-34 Mercenary suffers critical hit (Smash). 03226_ Destroyed Heat Sink. 03226_ G-34 Mercenary system corrupted by crushing effect. 03228_ G-34 Mercenary destroyed. Flying robots can pass through spaces occupied by others, even hostile robots. 03239_ Acquired 30 matter. 03240_ System corrupted: Heat flow error (+126). 03256_ System corrupted: Energy discharge (-35). Map ----- +----------------------------------------------------+ | ???????????# # #??# # #????????????# # | | ???????????# # #### # """ #????????????# # | | ???????????# ######## # """ #????????????# # | | ???????????# #??????# # """ #????????????# # | | ???????????# #??????# + #????????????# # | | ???????????# #??????# #########????????????# # | | ???????????# #??????# #??#?????????????????# ^ | | ???????????# #??????# #?## ????????????????+ | | ??????????##+######## #?# [???????????????# | | ??????????# "" ##*= #??# [[??????????????? | | ??????????# ""S ##= [#???? ?????????????? | | ??????????# "" ## =%##???? ?#########??? | | ??????????# # =* #######+## #### | | ??????????# # "" = =%* %* | | ??????????# """"" + T < % | | ??????????# """"" # [ = = =* [ | | ??????????# """"" # !#######+## * = ## | | ??????????# ## ##????????# |" " #???? ! | | ?????"""??#+######### #???^??^^?#""|" ""#??????? | | ????"""" # T %% ###??^^???#########???? ?? | | ????"""" + % % ""#?^?????# #??? ? | | # "# ! % % T"#???????# === #? | | # ?###+## """" ""#???????# === %# | | # ???????# """" ########### === / | | # ?????????# """" g g%[%= # | | ###+#??????????# @ l###### %! #???? | | ???????????????# #????#= #??????? | | ???????????????######+#####+#####?# "" #??????? | | ???????????????????? # #?# "T #??????? | | ???????????????????? ?# #?# "" #??????? | | ??????????????????? ?# #?# #??????? | | ??????????????????? ?# #?####### #??????? | | ??????????????????"" ?# #????????##??????? | | ??????????????????" ?# #????????????????? | | ???????????????????" ?# #????????????????? | | ???????????????????"???# #????????????????? | | ???????????????????????# #????????????????? | | ???????????????????????##########????????????????? | | ?????????????????????????????????????????????????? | | ?????????????????????????????????????????????????? | | ?????????????????????????????????????????????????? | | ?????????????????????????????????????????????????? | | ?????????????????????????????????????????????????? | | ?????????????????????????????????????????????????? | | ?????????????????????????????????????????????????? | | ?????????????????????????????????????????????????? | | ?????????????????????????????????????????????????? | | ?????????????????????????????????????????????????? | | ?????????????????????????????????????????????????? | | ?????????????????????????????????????????????????? | +----------------------------------------------------+ Best States ------------- Heat Dissipation 28 Energy Generation 12 Energy Capacity 265 Matter Stores 300 Matter Capacity 300 Sight Range 16 Robot Scan Range 14 Terrain Scan Density 10 Additional Mass Support 6 Power Shielding 33 Evasion (%) 55 Targeting Accuracy 10 Recoil Reduction 2 Item Schematics ----------------- Weight Redist. System | -9/Materials | Scanalyzed Sml. Laser | -9/Materials | Scanalyzed Lgt. Assault Rifle | -9/Materials | Scanalyzed Robot Schematics ------------------ None Fabricated ------------ Nothing Alien Tech Used ----------------- None Achievements -------------- Close Call Loot Pinata Power Corrupts Challenges ------------ None Game ------ Seed DerelictAblativeCharger Manual? 0 Play Time 01:31:45 Cumulative 2.9 hours Start 2024.10.22 @ 22:29:11 End 2024.10.23 @ 00:13:44 Sessions 1 Manual Loads 0 Difficulty Rogue Special Mode None Game No. 2 Rogue 2 Adventurer 0 Explorer 0 Win Type - Total 0 Types 0/0/0/0/0/0/0/0/0 Lore% 0 Gallery% 4 Achievement% 5 Wizard Run 0 Options --------- Layout 1 ASCII 0 Keyboard 1 Movement Numpad Keybinds 0 Fullscreen 2 Font 24/Smallcaps Map View 50x35 Zoom Use 0% Tactical HUD 1 Map Filters NONE Filters NONE Steam 1 RUN: 36ede8a3-5481-4324-9d9b-b6cfa5a1513b